 Dungeon Crawl Stone Soup version 0.27-a0-1200-g94dc6ad (webtiles) character file.

Game seed: 2316951195783927458

64 Meow the Stinger (level 4, 36/36 HPs)
             Began as a Naga Venom Mage on June 1, 2021.
             Quit the game on level 3 of the Dungeon.
             The game lasted 00:06:45 (1852 turns).

Meow the Stinger (Naga Venom Mage)                  Turns: 1852, Time: 00:06:45

Health: 36/36      AC:  2    Str: 10    XL:     4   Next: 12%
Magic:  6/8        EV: 10    Int: 16    God:
Gold:   33         SH:  0    Dex: 12    Spells: 2/9 levels left

rFire    . . .     SeeInvis +   a - +0 hunting sling
rCold    . . .     Faith    .   (no shield)
rNeg     . . .     Spirit   .   j - +0 robe
rPois    +         Reflect  .   (no helmet)
rElec    .         Harm     .   (no cloak)
rCorr    .         Rampage  .   (no gloves)
Will     .....                  (no barding)
Stlth    ++........             (no amulet)
HPRegen  0.12/turn              (no ring)
MPRegen  0.11/turn              (no ring)

@: very slow
A: AC +1, large, see invisible, deformed body, poison resistance, slowness 2,
spit poison 1, naga tail 1
a: Spit Poison


You were on level 3 of the Dungeon.
You visited 1 branch of the dungeon, and saw 3 of its levels.

You collected 33 gold pieces.

Inventory:

Hand Weapons
 a - a +0 hunting sling (weapon)
 b - a +3 dagger of speed
Missiles
 c - 30 arrows
 k - 22 sling bullets (quivered ammo)
 m - 46 bolts
 o - 15 poisoned darts
 p - 19 stones
Armour
 g - a scarf of shadows
 j - a +0 robe (worn)
Jewellery
 d - an amulet of faith
Scrolls
 h - a scroll of enchant armour {unknown}
 i - a scroll of vulnerability {unknown}
 l - a scroll of acquirement {unknown}
 s - a scroll of magic mapping {unknown}
Potions
 e - 2 potions of curing
 n - a potion of berserk rage {unknown}
 q - a potion of brilliance {unknown}
 r - a potion of flight {unknown}


   Skills:
 - Level 1.5 Dodging
 - Level 3.0 Stealth
 + Level 3.1 Spellcasting
 + Level 2.4 Conjurations
 - Level 1.0 Transmutations
 - Level 4.0 Poison Magic


You had 2 spell levels left.
You knew the following spells:

 Your Spells              Type           Power      Damage    Failure   Level
a - Sting                 Tmut/Pois      40%        1d5       7%          1
c - Mephitic Cloud        Conj/Pois/Air  9%         N/A       22%         3
C - Ignite Poison         Fire/Tmut/Pois 7%         N/A       28%         3

Your spell library contained the following spells:

 Spells                   Type           Power      Damage    Failure   Level
 Magic Dart               Conj           40%        1d5       7%          1
 Poisonous Vapours        Pois/Air       16%        N/A       12%         2
 Blink                    Tloc           N/A        N/A       28%         2
 Call Imp                 Summ           2%         N/A       28%         2
 Slow                     Hex            2%         N/A       28%         2
 Spider Form              Tmut/Pois      5%         N/A       21%         3
 Conjure Flame            Conj/Fire      6%         6-21      34%         3
 Olgreb's Toxic Radiance  Pois           15%        N/A       34%         4
 Alistair's Intoxication  Tmut/Pois      6%         N/A       88%         5


Dungeon Overview and Level Annotations

Branches:
Dungeon (3/15)

Altars:

Shops:
D:1 :


Innate Abilities, Weirdness & Mutations

Your serpentine skin is tough. (AC +1)
You have supernaturally acute eyesight. (SInv)
Armour fits poorly on your strangely shaped body.
Your system is resistant to poisons. (rPois)
You cover ground very slowly.
You can spit poison.
You have a snake-like lower body.


Message History

There is a stone staircase leading up here.
An adder comes into view.
Fire: 24 sling bullets
Press: ? - help, Q - select action, (/) - cycle Shift-Dir - straight line, f - adder
Aim: an adder (asleep, 98% to hit)
You shoot a sling bullet. The sling bullet hits the adder.
The adder hisses angrily.
The adder is moderately wounded.
Press: ? - help, Shift-Dir - straight line, f/p - adder
Aim: an adder (moderately wounded)
The splash of poison hits the adder.
The adder is moderately wounded.
Unknown command.
Fire: 23 sling bullets
Press: ? - help, Q - select action, (/) - cycle Shift-Dir - straight line, f/p - adder
Aim: an adder (moderately wounded, 32% to hit)
You shoot a sling bullet. The sling bullet misses the adder.
Unknown command.
Casting: Sting (safe; 7% risk of failure)
Confirm with . or Enter, or press ? or * to list all spells.
Aiming: Sting (safe; 7% risk of failure)
Press: ? - help, Shift-Dir - straight line, f/p - adder
Aim: an adder (moderately wounded, 53% to hit)
The sting hits the adder.
The adder is poisoned.
The adder is severely wounded.
Unknown command.
Casting: Sting (safe; 7% risk of failure)
Confirm with . or Enter, or press ? or * to list all spells.
Aiming: Sting (safe; 7% risk of failure)
Press: ? - help, Shift-Dir - straight line, f/p - adder
Aim: an adder (severely wounded, poisoned, 53% to hit)
The sting hits the adder.
The adder looks even sicker.
You kill the adder!
You have reached level 4!
You feel agile.
You start resting.
You have got your breath back.
You start resting.
HP restored.
Are you sure you want to abandon this character and quit the game? (Confirm with "yes".)

#.....#.# .
###.....#.#
..#.......#.# #
...........#.#(
.............
###.#...........
..............#
#.@.# #<#.#
#.#.# #>...
#..... #.#.#.#
#.#.#.# #.#.#..
..# #


There were no monsters in sight!

Vanquished Creatures
  2 adders
  A worm (D:1)
  2 ball pythons (D:2)
  5 bats
  3 endoplasms (D:2)
  5 goblins
  8 hobgoblins
  2 jackals (D:2)
  3 kobolds
  2 quokkas
  A frilled lizard (D:2)
  2 rats (D:2)
36 creatures vanquished.

Notes
Turn   | Place    | Note
-------+----------+-------------------------------------------
     0 | D:1      | Meow the Naga Venom Mage began the quest for the Orb.
     0 | D:1      | Reached XP level 1. HP: 15/15 MP: 3/3
   262 | D:1      | Identified the Collected Works on Contamination
   438 | D:1      | Reached skill level 1 in Conjurations
   438 | D:1      | Reached XP level 2. HP: 22/22 MP: 5/5
   536 | D:1      | Found a faded altar of an unknown god.
   919 | D:1      | Found Turom's Book Shop.
  1268 | D:2      | Reached XP level 3. HP: 27/28 MP: 1/7
  1272 | D:2      | Learned a level 3 spell: Mephitic Cloud
  1276 | D:2      | Learned a level 3 spell: Ignite Poison
  1843 | D:3      | Reached XP level 4. HP: 35/36 MP: 5/8
  1852 | D:3      | Quit the game

Illustrated notes

Levels and vault maps discovered:
D:1:      minmay_arrival_solitary_statue, layout_loops_corners,
          hellmonk_ecumenical_altar_pennies_from_heaven, serial_shops, shop
D:2:      layout_rooms, minmay_fractal_squares_gapless_5
D:3:      layout_basic, regret_index_temple_of_mockery,
          nicolae_wu_jian_wuxing_cycle, uniq_sigmund

Skill      XL: |  1  2  3 |
---------------+----------+-----
Conjurations   | 1 2 |  2.4
Spellcasting   | 3 |  3.1
Dodging        | |  1.5
Stealth        | |  3.0
Transmutations | |  1.0
Poison Magic   | |  4.0

Action                   |  1- 3 |  4- 6 || total
-------------------------+-------+-------++-------
Melee: Dagger            |     6 |       ||     6
 Fire: Hunting sling     |    21 |       ||    21
 Cast: Sting             |    34 |       ||    34
 Abil: Spit Poison       |    30 |       ||    30
  Use: Scroll            |     1 |       ||     1
       Potion            |     1 |       ||     1
Armor: Robe              |     2 |       ||     2
Dodge: Dodged            |     6 |       ||     6

Table legend: (Time is in decaauts)
 A = Elapsed time spent in this place.
 B = Non-inter-level travel time spent in this place.
 C = Inter-level travel time spent in this place.
 D = Time resting spent in this place.
 E = Time spent auto-exploring this place.
 F = Levels seen in this place.
 G = Mean time per level.
                   A        B        C        D        E       F      G
               +--------+--------+--------+--------+--------+-----+--------+
         Total |   2396 |   2241 |    155 |    317 |   1002 |   3 |  798.7 |
       Dungeon |   2396 |   2241 |    155 |    317 |   1002 |   3 |  798.7 |
               +--------+--------+--------+--------+--------+-----+--------+

Top non-repeatable levels by time:
     D:1: 1584 daAuts
     D:2: 794 daAuts
     D:3: 18 daAuts
